 Dungeon Crawl Stone Soup version 0.27-a0-1200-g94dc6ad4cf (webtiles) character file.

Game seed: 5688882646161043509

62 snetch the Shield-Bearer (level 4, -2/37 HPs)
             Began as a Formicid Fighter on May 31, 2021.
             Was a Believer of Lugonu.
             Killed by nerve-wracking pain
             ... invoked by an orc priest
              (4 damage)
             ... on level 5 of the Dungeon.
             The game lasted 00:07:59 (2041 turns).

snetch the Shield-Bearer (Formicid Fighter)         Turns: 2041, Time: 00:08:00

Health: -2/37      AC:  8    Str: 22    XL:     4   Next: 28%
Magic:  4/4        EV:  8    Int:  7    God:    Lugonu [**....]
Gold:   115        SH:  9    Dex: 10    Spells: 3/3 levels left

rFire    . . .     SeeInvis +   a - +0 war axe
rCold    . . .     Faith    .   c - +0 kite shield
rNeg     . . .     Spirit   .   b - +0 scale mail
rPois    .         Reflect  .   (helmet unavailable)
rElec    .         Harm     .   j - +0 cloak
rCorr    .         Rampage  .   (no gloves)
Will     .....                  (no boots)
Stlth    ..........             (no amulet)
HPRegen  0.12/turn              (no ring)
MPRegen  0.09/turn              (no ring)

@: no status effects
A: permanent stasis, dig shafts and tunnels, antennae 3, four strong arms
a: Dig, Shaft Self, Renounce Religion, Depart the Abyss, Bend Space


You were on level 5 of the Dungeon.
You worshipped Lugonu.
Lugonu was pleased with you.
You visited 1 branch of the dungeon, and saw 5 of its levels.

You collected 115 gold pieces.

Inventory:

Hand Weapons
 a - a +0 war axe (weapon)
 h - a +1 dagger of electrocution
Missiles
 e - 87 stones
 i - 5 datura-tipped darts
 p - 21 arrows
 r - 17 bolts
Armour
 b - a +0 scale mail (worn)
 c - a +0 kite shield (worn)
 j - a +0 cloak (worn)
Magical Staves
 g - a staff of air
Scrolls
 f - 2 scrolls of identify {unknown}
 k - 2 scrolls of immolation {unknown}
 n - 2 scrolls of teleportation {unknown}
 t - a scroll of holy word {unknown}
Potions
 d - a potion of might
 l - 2 potions of brilliance {unknown}
 m - a potion of curing {unknown}
 o - a potion of attraction {unknown}
 q - 2 potions of heal wounds {unknown}
 s - a potion of haste {unknown}


   Skills:
 + Level 3.7 Fighting
 + Level 2.5 Axes
 + Level 3.7 Armour
 + Level 0.6 Dodging
 + Level 4.3 Shields
 + Level 1.0 Invocations


You had 3 spell levels left.
You didn't know any spells.
Your spell library was empty.

Dungeon Overview and Level Annotations

Branches:
Dungeon (3/15)

Altars:
Lugonu

Annotations:
D:3 1 runed translucent door


Innate Abilities, Weirdness & Mutations

You cannot be hasted, slowed, berserked, paralysed or teleported.
You can dig through walls and to a lower floor.
You have a pair of large antennae on your head. (SInv)
Your four strong arms can wield two-handed weapons with a shield.


Message History

An ice beast comes into view.
The jackal skeleton bites you but does no damage.
Found 7 gold pieces.
Items here: ( ) ? †.
An adder skeleton comes into view.
The steam dragon breathes steam at you.
The ball of steam hits the goblin!
The goblin dies!
The ball of steam hits you!
* * * LOW HITPOINT WARNING * * *
You are engulfed in a cloud of scalding steam.
* * * LOW HITPOINT WARNING * * *
Okay, then.
The adder skeleton bites you.
* * * LOW HITPOINT WARNING * * *
The ice beast is engulfed in a cloud of scalding steam.
Unknown command.
You block the adder skeleton's attack.
The jackal skeleton is engulfed in a cloud of scalding steam.
The jackal skeleton is destroyed!
Unknown command.
You don't have enough health at the moment.
You see here 7 gold pieces.
Are you sure you want to shaft yourself?
You begin to dig a shaft.
You continue digging a shaft.
The adder skeleton bites you.
* * * LOW HITPOINT WARNING * * *
The ice beast hits you but does no damage.
A shaft appears beneath you!
You fall into a shaft and drop 1 floor!
The shaft crumbles and collapses.
An orc, an orc priest and a skeleton come into view.
The orc shouts!
You hear a shout! x2
Found a scroll labelled LOAXKAH ZILOK.
Are you sure you want to shaft yourself?
You begin to dig a shaft.
You continue digging a shaft.
The hound skeleton bites you but does no damage.
The orc priest mumbles some strange prayers to Beogh against you.
Pain shoots through your body!
You die...

#. # #{# .#
{ .o ..#
#.######.###
.{#........
#.#.....###
#o#Z.......
#..@....#
##......#
#..###.#
##.# # #..
##.# ?# .#


You could see an orc priest and a hound skeleton.

Vanquished Creatures
  An adder (D:2)
  A dart slug (D:1)
  A worm (D:2)
  3 endoplasms (D:2)
  2 giant cockroaches
  5 goblins
  3 hobgoblins
  4 jackals
  4 quokkas
  7 ball pythons
  2 bats
  2 frilled lizards (D:1)
  3 kobolds
  6 rats
44 creatures vanquished.

Vanquished Creatures (others)
  A goblin (D:4)
  A jackal skeleton (D:4)
  A fungus (D:1)
3 creatures vanquished.

Grand Total: 47 creatures vanquished

Notes
Turn   | Place    | Note
-------+----------+-------------------------------------------
     0 | D:1      | snetch the Formicid Fighter began the quest for the Orb.
     0 | D:1      | Reached XP level 1. HP: 18/18 MP: 1/1
   152 | D:1      | Reached XP level 2. HP: 24/24 MP: 2/2
   165 | D:1      | Found a faded altar of an unknown god.
   179 | D:1      | Became a worshipper of Lugonu the Unformed
   179 | D:1      | Reached * piety under Lugonu
   179 | D:1      | Reached ** piety under Lugonu
   359 | D:1      | Reached skill level 4 in Shields
   590 | D:1      | Reached XP level 3. HP: 24/29 MP: 3/3
  1008 | D:2      | Reached XP level 4. HP: 32/37 MP: 4/4
  1326 | D:1      | You fall into a shaft and drop 1 floor!
  1810 | D:3      | Found a runed translucent door.
  1920 | D:3      | Noticed an ogre
  1987 | D:3      | Reached skill level 1 in Invocations
  1991 | D:3      | You fall into a shaft and drop 1 floor!
  2007 | D:4      | Noticed an orc warrior
  2017 | D:4      | Noticed a steam dragon
  2019 | D:4      | Noticed an ogre
  2022 | D:4      | Noticed an ice beast
  2026 | D:4      | HP: 1/37 [adder skeleton (1)]
  2037 | D:4      | HP: 1/37 [adder skeleton (1)]
  2038 | D:4      | You fall into a shaft and drop 1 floor!
  2038 | D:5      | Entered Level 5 of the Dungeon
  2041 | D:5      | Killed from afar by an orc priest

Illustrated notes

Levels and vault maps discovered:
D:1:      onia_arrival_mini_maze, layout_rooms,
          shapermc_ecumenical_altar_starsandcircs, minmay_close_crescents
D:2:      layout_basic
D:3:      layout_basic, ebering_ghost_sewer_d, serial_glass, glass_columns_a,
          glass_columns_b, minmay_liquid_box, hangedman_decor_points
D:4:      layout_basic, hangedman_abyss_or_decor_lesser_grid,
          minmay_statues_item, minmay_fractal_squares_5
D:5:      layout_basic, minmay_temple_entry_arrows, uniq_grinder

Skill      XL: |  1  2  3  4 |
---------------+-------------+-----
Shields        | 4 |  4.3
Invocations    | 1 |  1.0
Fighting       | |  3.7
Axes           | |  2.5
Armour         | |  3.7
Dodging        | |  0.6

Action                   |  1- 3 |  4- 6 || total
-------------------------+-------+-------++-------
Melee: War axe           |   103 |    29 ||   132
Invok: Bend Space        |    10 |     3 ||    13
 Abil: Shaft Self        |       |     4 ||     4
       Dig               |       |     1 ||     1
Armor: Scale mail        |    63 |    21 ||    84
Dodge: Dodged            |    47 |    14 ||    61
Block: Kite shield       |    56 |    22 ||    78

Table legend: (Time is in decaauts)
 A = Elapsed time spent in this place.
 B = Non-inter-level travel time spent in this place.
 C = Inter-level travel time spent in this place.
 D = Time resting spent in this place.
 E = Time spent auto-exploring this place.
 F = Levels seen in this place.
 G = Mean time per level.
                   A        B        C        D        E       F      G
               +--------+--------+--------+--------+--------+-----+--------+
         Total |   2129 |   1865 |    264 |    219 |    995 |   5 |  425.8 |
       Dungeon |   2129 |   1865 |    264 |    219 |    995 |   5 |  425.8 |
               +--------+--------+--------+--------+--------+-----+--------+

Top non-repeatable levels by time:
     D:1: 1259 daAuts
     D:2: 750 daAuts
     D:3: 64 daAuts
     D:4: 52 daAuts
     D:5: 2 daAuts
